 Dungeon Crawl Stone Soup version 0.29-a0-1-gf2d273c862 (console) character file.

Game seed: 11543818608197606443

105 Cab the Chopper (level 4, -5/35 HPs)
             Began as a Demonspawn Fighter on Jan 26, 2022.
             Slain by Grinder (6 damage)
             ... on level 3 of the Dungeon.
             The game lasted 00:05:22 (1994 turns).

Cab the Chopper (Demonspawn Fighter)                Turns: 1994, Time: 00:05:25

Health: -5/35      AC:  7    Str: 18    XL:     4   Next: 54%
Magic:  4/4        EV:  9    Int: 10    God:
Gold:   119        SH:  9    Dex: 12    Spells: 3/3 levels left

rFire   . . .      SeeInvis .   a - +0 war axe
rCold   . . .      Faith    .   c - +0 buckler
rNeg    . . .      Spirit   .   b - +0 scale mail
rPois   +          Reflect  +   (no helmet)
rElec   .          Harm     .   k - +0 cloak
rCorr   +          Rampage  .   (no gloves)
Will    .....                   (no boots)
Stlth   ..........              l - amulet of reflection
HPRegen 0.11/turn               f - ring of resist corrosion
MPRegen 0.09/turn               g - ring of poison resistance

@: mighty
A: spiny 1, demonic touch 2
a: no special abilities


You were on level 3 of the Dungeon.
You visited 1 branch of the dungeon, and saw 3 of its levels.

You collected 119 gold pieces.

Inventory:

Hand Weapons
 a - a +0 war axe (weapon)
Armour
 b - a +0 scale mail (worn)
 c - a +0 buckler (worn)
 k - a +0 cloak (worn)
Jewellery
 f - a ring of resist corrosion (left hand)
 g - a ring of poison resistance (right hand)
 l - an amulet of reflection (around neck)
Scrolls
 i - a scroll of identify {unknown}
 j - a scroll of noise {unknown}
Potions
 e - a potion of degeneration {unknown}
 h - a potion of curing {unknown}


   Skills:
 - Level 3.0 Fighting
 + Level 4.4 Axes
 - Level 2.6 Armour
 - Level 2.6 Shields


You had 3 spell levels left.
You didn't know any spells.
Your spell library contained the following spells:

 Spells                   Type           Power      Damage    Failure   Level
 Sandblast                Erth           0%         2d4       85%         1
 Sting                    Tmut/Pois      0%         1d3       85%         1
 Poisonous Vapours        Pois/Air       0%         N/A       94%         2
 Static Discharge         Conj/Air       0%         N/A       94%         2
 Olgreb's Toxic Radiance  Pois           0%         N/A       100%        4
 Lightning Bolt           Conj/Air       0%         1d11      100%        5
 Maxwell's Capacitive Co  Air            0%         ∞         100%        8


Dungeon Overview and Level Annotations

Branches:
Dungeon (3/15)

Altars:

Shops:
D:1 !

Annotations:
D:3 Grinder


Innate Abilities, Weirdness & Mutations

You are partially covered in sharp spines.
Your touch may inflict irresistible damage on your foes.


Message History

The orc shouts!
Grinder comes into view.
Grinder shouts!
Found a scroll labelled CUITAU NEARATUM.
The orc is struck by your spines. The orc hits you with a +0 dagger.
You slash the orc!
You kill the orc!
You hit Grinder but do no damage.
Grinder blinks!
Grinder says, "My boss said I was rubbish.
His entrails said otherwise."
You block Grinder's attack.
An endoplasm comes into view.
You closely miss Grinder.
The endoplasm quivers.
Grinder hits you but does no damage.
You hit Grinder.
Grinder is lightly wounded.
Grinder barely misses you.
You hit Grinder but do no damage.
Grinder is lightly wounded.
Grinder gestures at you. Pain shoots through your body!
A dart slug comes into view.
Grinder hits you.
You writhe in agony.
The endoplasm freezes you.
You are frozen.
Press: ? - help, v - describe, . - travel
Here: Grinder (lightly wounded)
The floor.
You feel very mighty all of a sudden. Grinder is struck by your spines.
Grinder hits you!
You writhe in agony.
* * * LOW HITPOINT WARNING * * *
The endoplasm is struck by your spines. The endoplasm barely misses you.
You slash Grinder!
Grinder is heavily wounded.
You slash the endoplasm!
You kill the endoplasm!
Grinder hits you!
* * * LOW HITPOINT WARNING * * *
You writhe in agony.
You die... ∙▒ ▒ ∙▒▒▒▒▒▒ ∙▒ ∙▒ ∙∙∙∙∙∙∙ ∙▒ ▒∙▒ ∙▒ ∙∙∙∙∙∙w

∙▒∙∙∙▒∙ ∙▒
?∙)∙∙∙∙▒▒▒∙▒∙∙∙∙∙▒▒∙▒▒▒
▒∙∙∙)∙∙∙∙∙∙∙∙∙∙∙∙∙∙∙
▒$∙∙∙∙∙∙∙∙∙∙▒ ▒∙∙∙
▒∙∙∙∙▒∙@5∙∙∙▒ ▒∙∙
▒∙∙∙∙▒∙∙▒∙∙∙▒▒▒▒∙▒
▒∙∙∙∙∙∙∙▒∙∙∙∙∙▒▒<▒
∙∙∙∙∙▒▒▒(∙∙∙∙∙∙∙∙∙▒
∙∙▒▒▒▒ ▒∙▒∙▒∙∙∙▒%∙▒▒ ▒
▒▒∙∙∙▒∙∙∙∙∙∙∙▒▒▒▒
▒∙∙▒▒▒▒▒▒▒∙∙∙∙∙∙▒▒
▒▒▒)∙▒ ▒▒∙∙∙∙∙▒∙∙▒
▒∙∙∙▒▒ ▒∙∙▒▒∙∙∙▒∙▒▒


You could see Grinder and a dart slug.

Vanquished Creatures
  Crazy Yiuf (D:2)
  2 adders (D:2)
  2 worms (D:2)
  2 dart slugs
  An orc (D:3)
  6 ball pythons
  5 endoplasms
  A giant cockroach (D:1)
  3 goblins
  2 hobgoblins
  2 jackals (D:1)
  4 kobolds
  3 quokkas
  4 bats
  4 frilled lizards
  3 rats
45 creatures vanquished.

Vanquished Creatures (others)
  3 fungi (D:1)
3 creatures vanquished.

Grand Total: 48 creatures vanquished

Notes
Turn   | Place    | Note
-------+----------+-------------------------------------------
     0 | D:1      | Cab the Demonspawn Fighter began the quest for the Orb.
     0 | D:1      | Reached XP level 1. HP: 18/18 MP: 1/1
    49 | D:1      | Reached skill level 2 in Axes
    58 | D:1      | Found Xureeral's Distillery.
   254 | D:1      | Gained mutation: You are partially covered in sharp spines.
                  | [demonic ancestry]
   254 | D:1      | Reached XP level 2. HP: 24/24 MP: 2/2
   471 | D:1      | Reached skill level 3 in Axes
   491 | D:1      | Found a faded altar of an unknown god.
   499 | D:1      | Got Plato's Guide on the Mountains
   686 | D:2      | Gained mutation: Your touch may inflict minor irresistible
                  | damage on your foes. [demonic ancestry]
   686 | D:2      | Reached XP level 3. HP: 29/29 MP: 3/3
  1477 | D:2      | Found a runed translucent door.
  1478 | D:2      | Noticed Crazy Yiuf
  1485 | D:2      | Killed Crazy Yiuf
  1486 | D:2      | Reached skill level 4 in Axes
  1486 | D:2      | Gained mutation: Your touch may inflict irresistible damage
                  | on your foes. [demonic ancestry]
  1486 | D:2      | Reached XP level 4. HP: 15/35 MP: 4/4
  1983 | D:3      | Noticed Grinder
  1994 | D:3      | HP: 1/35 [Grinder (8)]
  1994 | D:3      | Slain by Grinder

Illustrated notes

Levels and vault maps discovered:
D:1:      giann_wishing_wells, layout_rooms, serial_shops, nicolae_shop_crystal,
          shapermc_ecumenical_altar_rom_forum
D:2:      layout_loops_ring, uniq_crazy_yiuf_cottage
D:3:      layout_rooms, uniq_terence, uniq_jessica, uniq_grinder

Skill      XL: |  1  2  3 |
---------------+----------+-----
Axes           | 2 3 4 |  4.4
Fighting       | |  3.0
Armour         | |  2.6
Shields        | |  2.6

Action                   |  1- 3 |  4- 6 || total
-------------------------+-------+-------++-------
Melee: War axe           |    71 |    13 ||    84
  Use: Potion            |       |     1 ||     1
Armor: Scale mail        |    19 |     3 ||    22
Dodge: Dodged            |    35 |     6 ||    41
Block: Buckler           |     9 |     5 ||    14

Table legend: (Time is in decaauts)
 A = Elapsed time spent in this place.
 B = Non-inter-level travel time spent in this place.
 C = Inter-level travel time spent in this place.
 D = Time resting spent in this place.
 E = Time spent auto-exploring this place.
 F = Levels seen in this place.
 G = Mean time per level.
                   A        B        C        D        E       F      G
               +--------+--------+--------+--------+--------+-----+--------+
         Total |   2023 |   1988 |     35 |    125 |   1403 |   3 |  674.3 |
       Dungeon |   2023 |   1988 |     35 |    125 |   1403 |   3 |  674.3 |
               +--------+--------+--------+--------+--------+-----+--------+

Top non-repeatable levels by time:
     D:2: 1285 daAuts
     D:1: 651 daAuts
     D:3: 86 daAuts
